 Dungeon Crawl Stone Soup version 0.29-a0-529-gfa20dd96a1 (webtiles) character file.

Game seed: 13748623458640306881

1589 pokeman the Thaumaturge (level 8, -3/43 (44) HPs)
             Began as a Deep Elf Hedge Wizard on June 1, 2022.
             Was a Follower of Vehumet.
             Slain by a wight
             ... wielding a +5 dagger of freezing
              (5 damage)
             ... on level 7 of the Dungeon.
             The game lasted 00:14:48 (7981 turns).

pokeman the Thaumaturge (Deep Elf Hedge Wizard)     Turns: 7981, Time: 00:14:48

HP:   -3/43 (44)    AC:  7    Str:  7    XL:     8   Next: 61%
MP:   8/24          EV: 17    Int: 22    God:    Vehumet [*.....]
Gold: 458           SH:  0    Dex: 14    Spells: 15/27 levels left

rFire   + . .      SeeInvis .   a - +0 dagger (venom)
rCold   . . .      Faith    .   (no shield)
rNeg    . . .      Spirit   .   c - +0 steam dragon scales
rPois   .          Reflect  .   N - +1 helmet
rElec   .          Harm     .   K - scarf {repulsion}
rCorr   .          Rampage  .   (no gloves)
Will    .....                   (no boots)
Stlth   ++........              w - amulet of the acrobat
HPRegen 0.14/turn               k - ring of protection from fire
MPRegen 0.19/turn               A - +4 ring of evasion

@: lightly drained, repel missiles
A: no striking features
a: Renounce Religion


You were on level 7 of the Dungeon.
You worshipped Vehumet.
Vehumet was aware of your devotion.
You visited 2 branches of the dungeon, and saw 8 of its levels.
You also visited: Sewer.

You collected 458 gold pieces.

Inventory:

Hand Weapons
 a - a +0 dagger of venom (weapon)
Armour
 c - +0 steam dragon scales (worn)
 K - a scarf of repulsion (worn)
 N - a +1 helmet (worn)
Jewellery
 e - an amulet of guardian spirit
 k - a ring of protection from fire (left hand)
 w - an amulet of the acrobat (around neck)
 A - a +4 ring of evasion (right hand)
 B - a ring of protection from cold
Wands
 t - a wand of polymorph (4)
 u - a wand of flame (8)
 C - a wand of iceblast (4)
 M - a wand of paralysis (6)
 O - a wand of digging (6)
Scrolls
 b - a scroll of fear {unknown}
 g - 3 scrolls of poison {unknown}
 l - 4 scrolls of teleportation {unknown}
 m - 5 scrolls of identify {unknown}
 q - a scroll of enchant armour {unknown}
 y - a scroll of magic mapping {unknown}
 D - 2 scrolls of vulnerability {unknown}
 F - a scroll of fog {unknown}
 H - a scroll of silence {unknown}
 I - a scroll of blinking {unknown}
 J - a scroll of enchant weapon {unknown}
 L - 3 scrolls of noise {unknown}
Potions
 d - 4 potions of magic
 f - a potion of berserk rage {unknown}
 h - 2 potions of attraction {unknown}
 i - a potion of lignification {unknown}
 j - 3 potions of brilliance {unknown}
 o - a potion of might {unknown}
 p - a potion of ambrosia {unknown}
 s - 3 potions of heal wounds {unknown}
 v - 4 potions of curing {unknown}
 x - 2 potions of mutation
 E - 5 potions of flight
 G - a potion of cancellation {unknown}


   Skills:
 - Level 2.0 Fighting
 + Level 2.7 Armour
 - Level 3.0 Dodging
 - Level 3.0 Stealth
 * Level 10.1 Spellcasting
 + Level 5.2 Conjurations
 - Level 1.1 Summonings
 - Level 1.1 Translocations
 + Level 4.0 Fire Magic
 - Level 1.0 Air Magic
 - Level 1.2 Poison Magic
 - Level 1.2 Evocations


You had 15 spell levels left.
You knew the following spells:

 Your Spells              Type           Power      Damage    Failure   Level
a - Magic Dart            Conj           100%       1d8       1%          1
b - Mephitic Cloud        Conj/Pois/Air  22%        N/A       6%          3
c - Call Imp              Summ           16%        N/A       6%          2
d - Blink                 Tloc           32%        N/A       6%          2
e - Conjure Flame         Conj/Fire      31%        6-21      2%          3
f - Foxfire               Conj/Fire      100%       2x1d9     1%          1

Your spell library contained the following spells:

 Spells                   Type           Power      Damage    Failure   Level
 Searing Ray              Conj           68%        2d6       1%          2
 Freeze                   Ice            44%        1d6       6%          1
 Slow                     Hex            44%        N/A       6%          1
 Frozen Ramparts          Ice            22%        1d4       19%         3
 Tukima's Dance           Hex            11%        N/A       19%         3
 Fulminant Prism          Conj/Hex       11%        3d9       21%         4
 Hailstorm                Conj/Ice       22%        3d7       21%         4
 Passage of Golubria      Tloc           16%        N/A       36%         4
 Alistair's Intoxication  Tmut/Pois      8%         N/A       78%         5
 Borgnjor's Vile Clutch   Necr/Erth      5%         N/A       86%         5
 Yara's Violent Unravell  Hex/Tmut       5%         3d4       86%         5
 Eringya's Noxious Bog    Tmut/Pois      6%         N/A       100%        6


Dungeon Overview and Level Annotations

Branches:
Dungeon (7/15)             Temple (1/1) D:5           Sewer (visited)

Altars:
Ashenzari
Cheibriados
Elyvilon
Hepliaklqana
Kikubaaqudgha
Nemelex Xobeh
Okawaru
Uskayaw
Vehumet
Xom
Zin
The Shining One

Shops:
D:4 *


Message History

The wight freezes you.
Unknown command.
You hit the wight but do no damage.
The foxfire hits the wight but does no damage. x2
The foxfire hits the wight.
The wight is moderately damaged.
The foxfire hits the wight but does no damage.
The wight is moderately damaged.
The wight closely misses you.
Unknown command.
Casting: Foxfire (safe; 1% risk of failure)
Confirm with . or Enter, or press ? or * to list all spells.
You conjure some foxfire!
The wight hits you with a +2 long sword of freezing.
The wight freezes you.
Unknown command.
Casting: Foxfire (safe; 1% risk of failure)
Confirm with . or Enter, or press ? or * to list all spells.
You conjure some foxfire!
The foxfire hits the wight!
The wight is heavily damaged.
The foxfire hits the wight but does no damage.
The wight is moderately damaged.
The wight misses you.
The foxfire hits the wight.
The wight is lightly damaged.
The foxfire hits the wight.
The wight is heavily damaged.
Unknown command.
Casting: Foxfire (safe; 1% risk of failure)
Confirm with . or Enter, or press ? or * to list all spells.
You conjure some foxfire!
The wight closely misses you.
The wight hits your foxfire with a +1 war axe!
The wight hits you with a +2 long sword of freezing!
* * * LOW HITPOINT WARNING * * *
You feel drained.
* * * LOW HITPOINT WARNING * * *
The wight freezes you.
* * * LOW HITPOINT WARNING * * *
The wight hits you with a +5 dagger of freezing.
You die...

#.########+#####
#..............### #.
#................. #.
#................. #..
#................. ## ...
###.##.###.####...
..###'#####+##'########...
)......zvv....#..........
......)z@.....#..........
.##..##z####..##..#######
#..##z####'###..###
#...zz...'..#.....#
#.z......#..#.....#
#z####.[######..### .z
##+######..#...... ...
..........#...... + ...
..........#......


You could see 6 wights.

Vanquished Creatures
  2 steam dragons (D:7)
  A sky beast (D:7)
  An ice beast (D:7)
  A bullfrog (D:6)
  A necrophage (D:6)
  3 scorpions
  2 wights (D:7)
  3 howler monkeys (D:7)
  3 orc priests
  A hound (D:6)
  A jelly (D:4)
  3 iguanas
  Natasha (thrice) (D:2)
  3 orc wizards (D:7)
  14 adders
  3 river rats (Sewer)
  2 ufetubi
  3 worms
  2 dart slugs
  17 orcs
  7 bats
  6 endoplasms
  6 giant cockroaches
  6 goblins
  6 hobgoblins
  4 jackals
  5 kobolds
  A quokka (Sewer)
  7 ball pythons
  4 frilled lizards
  3 rats
124 creatures vanquished.

Vanquished Creatures (others)
  A human (D:6)
  136 foxfires
137 creatures vanquished.

Grand Total: 261 creatures vanquished

Notes
Turn   | Place    | Note
-------+----------+-------------------------------------------
     0 | D:1      | pokeman the Deep Elf Hedge Wizard began the quest for the
                  | Orb.
     0 | D:1      | Reached XP level 1. HP: 10/10 MP: 7/7
   344 | D:1      | Reached XP level 2. HP: 16/16 MP: 6/9
   518 | D:1      | Found a faded altar of an unknown god.
  1038 | D:1      | Reached skill level 5 in Spellcasting
  1290 | D:2      | Noticed a scorpion
  1399 | D:2      | Noticed Natasha
  1405 | D:2      | Noticed a crimson imp
  1407 | D:2      | Killed Natasha
  1408 | D:2      | Reached skill level 1 in Fighting
  1408 | D:2      | Reached skill level 1 in Armour
  1408 | D:2      | Reached XP level 3. HP: 13/20 MP: 3/11
  1412 | D:2      | Learned a level 3 spell: Mephitic Cloud
  1415 | D:2      | Learned a level 2 spell: Blink
  1418 | D:2      | Learned a level 2 spell: Call Imp
  1422 | D:2      | Learned a level 3 spell: Conjure Flame
  1675 | D:2      | Killed a scorpion
  1676 | D:2      | Reached XP level 4. HP: 21/25 MP: 5/13
  1984 | D:2      | Noticed Natasha
  1993 | D:2      | Killed Natasha
  1994 | D:2      | Reached skill level 6 in Spellcasting
  2002 | D:2      | Noticed Natasha
  2112 | D:2      | Killed Natasha
  2113 | D:2      | Reached XP level 5. HP: 29/29 MP: 5/15
  2569 | D:3      | Noticed a +0 falchion
  2570 | D:3      | Noticed a +0 dagger
  2570 | D:3      | Noticed a +0 dagger
  2570 | D:3      | Noticed a +0 spear
  2570 | D:3      | Noticed a +0 spear
  2571 | D:3      | Noticed a +0 short sword
  2571 | D:3      | Noticed a +0 short sword
  2572 | D:3      | Noticed a +0 falchion
  2574 | D:3      | Found a hide-covered altar of Uskayaw.
  2825 | D:3      | Reached skill level 1 in Fire Magic
  3922 | D:4      | Reached XP level 6. HP: 34/34 MP: 13/17
  4101 | D:4      | Found a glowing silver altar of Zin.
  4262 | D:4      | Found Siuzais's General Store.
  4433 | D:4      | Reached skill level 7 in Spellcasting
  4433 | D:4      | Reached skill level 1 in Air Magic
  4745 | D:5      | Entered Level 5 of the Dungeon
  4782 | D:5      | Found a staircase to the Ecumenical Temple.
  4799 | Temple   | Entered the Ecumenical Temple
  4841 | Temple   | Became a worshipper of Vehumet
  4935 | D:5      | Reached skill level 1 in Poison Magic
  4935 | D:5      | Reached skill level 1 in Evocations
  5125 | D:5      | Identified the +2 robe of Divine Intervention {rElec
                  | Regen+}
  5383 | D:6      | Found an ancient bone altar of Kikubaaqudgha.
  5383 | D:6      | Noticed a human
  5387 | D:6      | Reached XP level 7. HP: 38/38 MP: 14/20
  5388 | D:6      | Killed a human
  5535 | D:6      | Found a glowing drain.
  5571 | Sewer    | Entered a sewer
  6093 | Sewer    | Reached skill level 8 in Spellcasting
  6285 | Sewer    | Reached * piety under Vehumet
  6285 | Sewer    | Offered knowledge of Foxfire by Vehumet.
  6288 | Sewer    | Learned a level 1 spell: Foxfire
  7267 | D:7      | Noticed a steam dragon
  7288 | D:7      | Reached skill level 9 in Spellcasting
  7288 | D:7      | Reached XP level 8. HP: 35/44 MP: 8/23
  7809 | D:7      | Reached skill level 5 in Conjurations
  7969 | D:7      | Reached skill level 10 in Spellcasting
  7981 | D:7      | HP: 2/43 [wight/+2 long sword of freezing (1)]
  7981 | D:7      | Slain by a wight

Illustrated notes

Levels and vault maps discovered:
D:1:      saegor_arrival_simple_e, layout_basic,
          shapermc_ecumenical_altar_ellora
D:2:      layout_basic, uniq_natasha
D:3:      layout_loops_ring, nicolae_uskayaw_en_pointe, kennysheep_donut
D:4:      layout_basic, mainiacjoe_overflow_tiny_flanked, serial_shops,
          nicolae_shop_hallway_stairs, abandoned_shop
D:5:      layout_rooms, minmay_temple_entry_grid
D:6:      layout_loops_ring, tgw_kikubaaqudgha, gup_sewer_entry_glass
D:7:      statuecave_lemuel, layout_gridville, minmay_microvault
Temple:   nicolae_temple_great_sept

Skill      XL: |  1  2  3  4  5  6  7  8 |
---------------+-------------------------+-----
Spellcasting   | 5 6 7 9 10 | 10.1
Fighting       | 1 2 |  2.0
Armour         | 1 2 |  2.7
Conjurations   | 2 3 4 5 |  5.2
Fire Magic     | 1 2 4 |  4.0
Dodging        | 3 |  3.0
Stealth        | 3 |  3.0
Air Magic      | 1 |  1.0
Poison Magic   | 1 |  1.2
Evocations     | 1 |  1.2
Summonings     | |  1.1
Translocations | |  1.1

Action                   |  1- 3 |  4- 6 |  7- 9 || total
-------------------------+-------+-------+-------++-------
Melee: Dagger            |    10 |    24 |    53 ||    87
       Trident           |       |     4 |       ||     4
 Cast: Magic Dart        |    68 |   137 |    42 ||   247
       Mephitic Cloud    |     1 |     8 |     6 ||    15
       Conjure Flame     |     1 |     1 |     1 ||     3
       Call Imp          |       |     1 |       ||     1
       Foxfire           |       |       |    75 ||    75
  Use: Scroll            |       |       |     1 ||     1
 Stab: Confused          |       |     3 |     1 ||     4
Armor: Robe              |     4 |     1 |       ||     5
       Leather armour    |       |     3 |     5 ||     8
       Steam dragon scal |       |       |     1 ||     1
Dodge: Dodged            |    16 |    22 |    69 ||   107

Table legend: (Time is in decaauts)
 A = Elapsed time spent in this place.
 B = Non-inter-level travel time spent in this place.
 C = Inter-level travel time spent in this place.
 D = Time resting spent in this place.
 E = Time spent auto-exploring this place.
 F = Levels seen in this place.
 G = Mean time per level.
                   A        B        C        D        E       F      G
               +--------+--------+--------+--------+--------+-----+--------+
         Total |   8132 |   7975 |    157 |     94 |   6728 |   9 |  903.6 |
       Dungeon |   7013 |   6865 |    148 |     94 |   5753 |   7 | 1001.9 |
        Temple |     52 |     43 |      9 |      0 |     30 |   1 |   52.0 |
         Sewer |   1066 |   1066 |      0 |      0 |    944 |   1 | 1066.0 |
               +--------+--------+--------+--------+--------+-----+--------+

Top non-repeatable levels by time:
     D:1: 1387 daAuts
     D:3: 1359 daAuts
     D:2: 1103 daAuts
   Sewer: 1066 daAuts
     D:4: 895 daAuts
     D:6: 894 daAuts
     D:7: 821 daAuts
     D:5: 552 daAuts
  Temple: 52 daAuts
